 Dungeon Crawl Stone Soup version 0.31.0-11-ge490571c62 (webtiles) character file.

Game seed: 3782808780185468076

309 qw the Shooter (level 6, 0/30 HPs)
             Began as a Spriggan Hunter on Feb 4, 2024.
             Slain by a gnoll
             ... wielding a +2 flail of holy wrath
             ... led by a gnoll bouda
              (4 damage)
             ... on level 4 of the Dungeon.
             The game lasted 00:00:09 (2750 turns).

qw the Shooter (Spriggan Hunter)                    Turns: 2750, Time: 00:00:10

Health: 0/30       AC:  2    Str:  7    XL:     6   Next: 17%
Magic:  7/7        EV: 21    Int: 10    God:
Gold:   262        SH:  0    Dex: 21    Spells: 5/5 levels left

rFire   . . .        f - +0 orcbow
rCold   . . .        (shield currently unavailable)
rNeg    . . .        c - +0 robe
rPois   .            (helmet restricted)
rElec   .            (no cloak)
rCorr   .            (gloves unavailable)
SInv    +            (boots unavailable)
Will    +....        (no amulet)
Stlth   ++           (no ring)
HPRegen 0.25/turn    (no ring)
MPRegen 0.10/turn

%: no passive effects
@: weakened, very quick
A: very small, no large weapons, unfitting armour, see invisible, speed 3
a: no special abilities


You were on level 4 of the Dungeon.
You visited 1 branch of the dungeon, and saw 4 of its levels.

You collected 262 gold pieces.


Innate Abilities, Weirdness & Mutations

You are very small and have problems with some larger weapons.
You are too small for most types of armour.
You have supernaturally acute eyesight. (SInv)
You cover ground extremely quickly. (Speed+++)


   Skills:
 - Level 2.2 Fighting
 - Level 6.0 Ranged Weapons
 + Level 5.8 Dodging
 - Level 1.5 Stealth


You had 5 spell levels left.
You didn't know any spells.
Your spell library was empty.

Inventory:

Hand Weapons
 f - a +0 orcbow (weapon)
Armour
 c - a +0 robe (worn)
Scrolls
 h - a scroll of fear {unknown}
 j - a scroll of immolation {unknown}
 k - a scroll of identify
Potions
 a - a potion of berserk rage {unknown}
 b - a potion of might
 d - a potion of ambrosia {unknown}
 e - a potion of lignification {unknown}
 g - a potion of magic {unknown}
 i - a potion of brilliance {unknown}

Dungeon Overview and Level Annotations

Branches:
Dungeon (4/15)
 Temple: D:4-7

Altars:
Sif Muna


Message History

You shoot an arrow. The arrow closely misses the white imp.
You shoot an arrow. The arrow hits the white imp!
You kill the white imp!
You now have 246 gold pieces (gained 20).
You now have 262 gold pieces (gained 16).
j - a scroll labelled IVAEMOT OSEFO
k - a scroll of identify A gnoll comes into view.
It is wielding a +0 spear.
Found a whip.
The gnoll shouts!
You hear a shout! x3
You shoot an arrow.
The arrow hits the gnoll but does no damage.
You shoot an arrow. The arrow closely misses the gnoll.
A gnoll comes into view.
It is wielding a +2 flail of holy wrath.
A gnoll bouda comes into view. It is wielding a +0 whip.
The gnoll barely misses you.
The gnoll bouda barks out a call to the hunt!
The gnolls pick up the pace!
A gnoll comes into view.
It is wielding a +1 whip of electrocution.
You shoot an arrow. The arrow barely misses the gnoll.
The arrow hits the gnoll.
The gnoll is heavily wounded.
The gnoll completely misses you.
A gnoll comes into view. It is wielding a +0 spear.
The gnoll barely misses you.
You shoot an arrow. The arrow barely misses the gnoll.
The arrow closely misses the gnoll.
The gnoll hits you from afar with a +0 spear.
The gnoll hits you from afar with a +0 spear!
The gnoll hits you with a +2 flail of holy wrath!
You shoot an arrow. The arrow hits the gnoll!
The gnoll is severely wounded.
The gnoll closely misses you.
The gnoll hits you from afar with a +0 spear.
The gnoll bouda gazes fiercely through you!
You feel your attacks grow feeble.
You shoot an arrow. The arrow barely misses the gnoll.
The gnoll misses you. The gnoll completely misses you.
The gnoll hits you from afar with a +0 spear.
The gnoll hits you with a +2 flail of holy wrath.
You die...

##### ##............#
#. #............####
#.............# #
#.............# #
#.............###
#................
##................
#.##..............
#@##............##
.....g.g###.........###
.....g.## ###########
).....# .....# ....#
####


You could see 3 gnolls.

Vanquished Creatures
  A bombardier beetle (D:3)
  An orc priest (D:3)
  Jessica (D:3)
  Terence (D:3)
  4 gnolls (D:3)
  6 adders
  A white imp (D:4)
  2 ufetubi (D:3)
  3 dart slugs
  2 ribbon worms (D:3)
  7 orcs
  5 ball pythons
  7 endoplasms
  A giant cockroach (D:3)
  11 goblins
  5 hobgoblins
  2 jackals (D:2)
  3 quokkas
  2 frilled lizards
  5 kobolds
  A rat (D:3)
71 creatures vanquished.

Notes
Turn   | Place    | Note
-------+----------+-------------------------------------------
     0 | D:1      | qw the Spriggan Hunter began the quest for the Orb.
     0 | D:1      | Reached XP level 1. HP: 10/10 MP: 2/2
     0 | D:1      | 0 ||| qw: Version: 0.3-a-160-g6735b56
     0 | D:1      | 0 ||| qw: Game counter: 5272
     0 | D:1      | 0 ||| qw: Melee chars always use a shield: true
     0 | D:1      | 0 ||| qw: God list: Okawaru
     0 | D:1      | 0 ||| qw: Allow faded altars: false
     0 | D:1      | 0 ||| qw: Do Orc after clearing Dungeon:15 true
     0 | D:1      | 0 ||| qw: Do second Lair branch before Depths: true
     0 | D:1      | 0 ||| qw: Lair rune preference: random
     0 | D:1      | 0 ||| qw: Goals: Normal
     0 | D:1      | 0 ||| PLANNING D:1-11
    61 | D:1      | Reached skill level 3 in Dodging
   172 | D:1      | Reached XP level 2. HP: 14/14 MP: 3/3
   244 | D:1      | You fall into a shaft and drop 1 floor!
   258 | D:2      | 258 ||| READING scroll labelled ORPHYT BEGUCH.
   285 | D:2      | 285 ||| DROPPING scroll of butterflies.
   795 | D:2      | Reached XP level 3. HP: 18/18 MP: 4/4
   803 | D:2      | Found a shimmering blue altar of Sif Muna.
   889 | D:2      | 889 ||| SWAPPING to +0 orcbow.
   892 | D:2      | 892 ||| DROPPING +0 shortbow.
  1212 | D:2      | Reached skill level 5 in Ranged Weapons
  1443 | D:2      | Reached XP level 4. HP: 15/22 MP: 5/5
  1626 | D:2      | Found a faded altar of an unknown god.
  1627 | D:2      | 1627 ||| READING scroll labelled ESUSIM GANUM.
  1628 | D:2      | 1628 ||| READING scroll labelled WOSKOR SOP.
  1633 | D:2      | 1633 ||| READING scroll labelled SUMPI QYESOMIN.
  1633 | D:2      | 1633 ||| IDENTIFYING inky potion
  1634 | D:2      | 1634 ||| READING scroll labelled LUZORO MAMAK.
  1920 | D:3      | Reached XP level 5. HP: 26/26 MP: 6/6
  1992 | D:3      | Noticed Terence
  1998 | D:3      | Killed Terence
  2092 | D:3      | Noticed Jessica
  2100 | D:3      | Killed Jessica
  2286 | D:3      | Reached skill level 6 in Ranged Weapons
  2345 | D:3      | Reached XP level 6. HP: 19/30 MP: 7/7
  2475 | D:3      | 2475 ||| READING scroll labelled WYGGUE GUNGARCH.
  2476 | D:3      | 2476 ||| DRINKING 2 fuming purple potions.
  2477 | D:3      | 2477 ||| DROPPING potion of invisibility.
  2750 | D:4      | HP: 4/30 [gnoll/+0 spear[a gnoll bouda] (5)]
  2750 | D:4      | Slain by a gnoll

Levels and vault maps discovered:
D:1:      saegor_arrival_simple_e, layout_loops_ring, minmay_strange_pillars
D:2:      layout_loops_ring, shapermc_ecumenical_altar_acropolis, basic_altar
D:3:      layout_basic, serial_corexii_hall, corexii_hall_statues_x,
          corexii_hall_statues_deadend, nicolae_underground_beach, uniq_terence,
          uniq_jessica
D:4:      layout_cave_pods

Skill      XL: |  1  2  3  4  5 |
---------------+----------------+-----
Dodging        | 3 4 5 |  5.8
Ranged Weapons | 5 6 |  6.0
Fighting       | 2 |  2.2
Stealth        | |  1.5

Action                     |  1- 3 |  4- 6 || total
---------------------------+-------+-------++-------
   Fire: Shortbow          |    49 |       ||    49
         Orcbow            |    33 |   139 ||   172
    Use: Scroll            |     1 |     5 ||     6
         Potion            |       |     1 ||     1
 Armour: Robe              |     5 |    17 ||    22
  Dodge: Dodged            |    12 |    84 ||    96

Table legend:
 A = Non-vault XP
 B = Vault XP
 C = Vault XP percentage of total XP
 D = Non-vault monster count
 E = Vault monster count
 F = Vault count percentage of total count
                 A         B        C        D         E       F
            +---------+---------+-------+---------+---------+-------
      Total |     369 |      73 |  16.5 |      69 |       2 |   2.8
            +---------+---------+-------+---------+---------+-------
        D:1 |      25 |       0 |   0.0 |      13 |       0 |   0.0
        D:2 |      85 |       0 |   0.0 |      21 |       0 |   0.0
        D:3 |     210 |      73 |  25.8 |      24 |       2 |   7.7
        D:4 |      49 |       0 |   0.0 |      11 |       0 |   0.0
            +---------+---------+-------+---------+---------+-------
